 Dungeon Crawl Stone Soup version 0.24-a0-125-gdf02491 (webtiles) character file.

Game seed: 1939532796547627821

57 mortelune the Skirmisher (level 3, -1/29 HPs)
             Began as a Demonspawn Abyssal Knight on Feb 24, 2019.
             Was a Follower of Lugonu.
             Slain by a worm (5 damage)
             ... on level 2 of the Dungeon.
             The game lasted 00:05:04 (1759 turns).

mortelune the Skirmisher (DsAK)                     Turns: 1759, Time: 00:05:04

Health: -1/29      AC:  5    Str: 13    XL:     3   Next: 73%
Magic:  4/4        EV: 10    Int: 13    God:    Lugonu [*.....]
Gold:   82         SH:  0    Dex: 12    Spells: 2/2 levels left

rFire    . . .     SeeInvis .   a - +1 falchion
rCold    . . .     Gourm    .   (no shield)
rNeg     . . .     Faith    .   i - +0 ring mail
rPois    .         Spirit   .   (no helmet)
rElec    .         Reflect  .   (no cloak)
rCorr    .         Harm     .   (no gloves)
MR       .....                  (no boots)
Stlth    +.........             (no amulet)
HPRegen  0.09/turn              (no ring)
MPRegen  0.09/turn              (no ring)

@: no status effects
A: claws 2
a: Depart the Abyss, Renounce Religion


You were on level 2 of the Dungeon.
You worshipped Lugonu.
Lugonu was aware of your devotion.
You were not hungry.

You visited 1 branch of the dungeon, and saw 2 of its levels.
You visited the Abyss 1 time.

You collected 82 gold pieces.

Inventory:

Hand Weapons
 a - a +1 falchion (weapon)
Armour
 b - a +0 leather armour
 i - a +0 ring mail (worn)
Scrolls
 d - a scroll of enchant armour {unknown}
 f - a scroll of blinking {unknown}
 h - a scroll of remove curse {unknown}
Potions
 e - a potion of curing {unknown}
 g - a potion of might {unknown}
Comestibles
 c - 2 rations
 j - 3 chunks of flesh


   Skills:
 + Level 3.4 Fighting
 * Level 3.0 Long Blades
 + Level 2.3 Armour
 - Level 0.8 Dodging
 - Level 2.4 Invocations


You had 2 spell levels left.
You didn't know any spells.
Your spell library was empty.

Dungeon Overview and Level Annotations

Branches:
Dungeon (2/15)

Altars:
Gozag


Innate Abilities, Weirdness & Mutations

You have very sharp fingernails.


Message History

You start resting.
A worm comes into view.
You start resting.
The worm is too close now for your liking.
You start resting.
The worm is too close now for your liking.
You barely miss the worm. The worm bites you.
You hit the worm.
The worm is moderately wounded.
The worm bites you!
You hit the worm.
The worm is moderately wounded.
You barely miss the worm.
The worm is moderately wounded.
The worm bites you!
* * * LOW HITPOINT WARNING * * *
You hit the worm but do no damage.
The worm is lightly wounded.
The worm bites you.
You die...

#...>.# #.....# #...# #.....#
#...# #####.....# #...#
.......##.# #...# .
..........#########...######.#
....##.[<....................#
.......##.#..................w
..........##....@w......w....#
.....#.##.#########...######..
###.(.....# #...# ##.#....#
#...# ####.####.#########รท..#
......###.##..........#
####......##.######...#
...##.###.##.# #...#
#####.###.##.##########


You could see a worm.

Vanquished Creatures
  3 adders (D:2)
  2 giant cockroaches (D:1)
  4 goblins (D:1)
  5 hobgoblins
  2 jackals (D:1)
  2 kobolds (D:1)
  A ball python (D:2)
  6 bats
  A frilled lizard (D:2)
  4 rats (D:1)
30 creatures vanquished.

Notes
Turn   | Place    | Note
-------+----------+-------------------------------------------
     0 | Abyss:1  | mortelune the Demonspawn Abyssal Knight began the quest for
                  | the Orb.
     0 | Abyss:1  | Reached XP level 1. HP: 18/18 MP: 2/2
    38 | Abyss:1  | Noticed a raiju
    40 | Abyss:1  | Noticed a large abomination
    46 | Abyss:1  | Noticed an ice devil
    65 | Abyss:1  | Noticed an iron imp
    66 | Abyss:1  | Noticed a tentacled starspawn
    69 | D:1      | Escaped the Abyss
   301 | D:1      | Reached * piety under Lugonu
   303 | D:1      | Gained mutation: You have sharp fingernails. [demonic
                  | ancestry]
   303 | D:1      | Reached XP level 2. HP: 16/24 MP: 3/3
  1413 | D:2      | Found an opulent altar of Gozag.
  1573 | D:2      | Gained mutation: You have very sharp fingernails. [demonic
                  | ancestry]
  1573 | D:2      | Reached XP level 3. HP: 28/29 MP: 4/4
  1759 | D:2      | Slain by a worm

Levels and vault maps discovered:
D:1:      elethiomel_arrival_infinity_welcomes_careful_drivers,
          layout_loops_corners
D:2:      layout_loops_cross, overflow_temple_1_default,
          gammafunk_temple_overflow_elements, minmay_misc_feat_tower,
          nicolae_gozag_cash_rules_everything_around_me
Abyss:1:  evilmike_abyss_exit_9

Skill      XL: |  1  2  3 |
---------------+----------+-----
Long Blades    | 2 3 |  3.0
Armour         | 2 |  2.3
Fighting       | |  3.4
Dodging        | |  0.8
Invocations    | |  2.4

Action                   || total
-------------------------++-------
Melee: Falchion          ||    85
Invok: Depart the Abyss  ||     1
  Eat: Chunk             ||     3
Armor: Leather armour    ||    23
       Ring mail         ||    12
Dodge: Dodged            ||    65
       Rpst.: Falchion   ||    26

Table legend:
 A = Non-vault XP
 B = Vault XP
 C = Vault XP percentage of total XP
 D = Non-vault monster count
 E = Vault monster count
 F = Vault count percentage of total count
                 A         B        C        D         E       F
            +---------+---------+-------+---------+---------+-------
      Total |      82 |       0 |   0.0 |      30 |       0 |   0.0
            +---------+---------+-------+---------+---------+-------
        D:1 |      35 |       0 |   0.0 |      22 |       0 |   0.0
        D:2 |      47 |       0 |   0.0 |       8 |       0 |   0.0
            +---------+---------+-------+---------+---------+-------
